 Dungeon Crawl Stone Soup version 0.32-a0-361-g289a535e89 (webtiles) character file.

Game seed: 2542553097769928931

193 timneilson the Ruffian (level 5, 0/52 HPs)
             Began as an Octopode Shapeshifter on Feb 19, 2024.
             Killed from afar by a goblin (10 damage)
             ... with a puff of flame
             ... on level 3 of the Dungeon.
             The game lasted 00:04:14 (2123 turns).

timneilson the Ruffian (Octopode Shapeshifter)      Turns: 2123, Time: 00:04:15

Health: 0/52       AC:  1    Str: 15    XL:     5   Next: 72%
Magic:  5/5        EV: 13    Int: 13    God:
Gold:   60         SH:  0    Dex: 11    Spells: 4/4 levels left

rFire   . .          .
                       - Unarmed
rCold   . . .        (no shield)
rNeg    . . .        (helmet currently unavailable)
rPois   .            (no amulet)
rElec   .            (no ring)
rCorr   .            (no ring)
SInv    .            (no ring)
Will    .....        (no ring) Stlth
                     (no ring)
HPRegen 0.28/turn    (no ring)
MPRegen 0.09/turn    (no ring)
                     (no ring)

%: no passive effects
@: berserking, beast-form, very quick
A: beast (slay +2), almost no armour, amphibious, 8 rings, camouflage 1,
gelatinous body 1, (nimble swimmer 1), tentacles
a: Begin Untransformation


You were on level 3 of the Dungeon.
You were a hulking beast.
You visited 1 branch of the dungeon, and saw 3 of its levels.

You collected 60 gold pieces.

Inventory:

Jewellery
 g - a ring of ice
Talismans
 b - a beast talisman (active)
 c - a flux talisman
Scrolls
 d - a scroll of noise
 e - a scroll of revelation
 h - a scroll of enchant armour
 i - a scroll of teleportation
Potions
 a - 2 potions of lignification


   Skills:
 * Level 2.3 Fighting
 * Level 3.2 Dodging
 + Level 2.5 Stealth
 * Level 3.9 Unarmed Combat
 * Level 3.7 Shapeshifting


You had 4 spell levels left.
You didn't know any spells.
Your spell library contained the following spells:

 Spells                   Type           Power      Damage    Failure   Level
 Jinxbite                 Hex            0%         N/A       43%         2
 Mercury Vapours          Alch/Air       0%         N/A       43%         2
 Mephitic Cloud           Conj/Alch/Air  0%         N/A       67%         3
 Freezing Cloud           Conj/Ice/Air   0%         6-21      100%        5
 Yara's Violent Unravell  Hex/Alch       0%         3d3       100%        5
 Enfeeble                 Hex            0%         N/A       100%        7


Dungeon Overview and Level Annotations

Branches:
Dungeon (3/15)

Altars:
Wu Jian
The Shining One


Innate Abilities, Weirdness & Mutations

You are a hulking beast.
Your limbs bulge with bestial killing power. (Slay +2)
You cannot wear most types of armour.
You are amphibious.
You can wear up to eight rings at the same time.
Your skin changes colour to match your surroundings (Stealth+).
Your rubbery body absorbs attacks. (AC +1, EV +1)
((You are camouflaged when in or above water. (Stealth+)))
You have tentacles for arms and can constrict up to eight enemies at once.


Message History

You see here a giant cockroach corpse.
You tentacle-slap something but do no damage.
Something barely misses you.
Jessica points at you and mumbles some strange words.
Something writhes in agony.
You barely miss something. Something hits you.
You closely miss something. Something hits you.
Jessica gestures at you while chanting.
Something writhes in agony!
You tentacle-slap something. Your squeeze misses something. Something hits you.
You closely miss something. Your squeeze misses something.
Jessica casts a spell at you. Something hits you.
You miss something.
Jessica mumbles some strange words.
Jessica blinks!
Something hits you.
You closely miss something. Something hits you.
You closely miss something. Something hits you.
You closely miss something. Something hits you.
* * * LOW HITPOINT WARNING * * *
It was a potion of berserk rage.
A red film seems to cover your vision as you go berserk!
You feel yourself moving faster!
You feel mighty!
A goblin comes into view.
It is wielding a +0 dagger and carrying a wand of flame.
You hear some strange, mumbled words.
A puff of flame appears from out of thin air!
The puff of flame hits you!
* * * LOW HITPOINT WARNING * * *
The goblin shouts!
You bludgeon something!
Reactivating autopickup.
You feel a bit more experienced.
You tentacle-slap the orc. You grab the orc. You squeeze the orc.
You kill the orc!
You bludgeon Jessica!
You kill Jessica!
You bludgeon the endoplasm!
You kill the endoplasm!
The goblin zaps a wand.
The puff of flame hits you!
You die...

### .. #.
#)###########
..####...........#
..J.@..g.....###)#
.######)####.# #.#
#h# #.# #.# #.#
#.# #.# #.#
#.###.# ..#
#.....# #.##
#..#### #. #..# #.
#..# #. #..# #.
#..#


You could see a goblin.

Vanquished Creatures
  Jessica (D:3)
  An orc wizard (D:3)
  3 adders (D:2)
  A dart slug (D:2)
  3 ribbon worms
  2 orcs (D:3)
  7 endoplasms
  2 giant cockroaches
  7 goblins
  6 hobgoblins
  9 jackals
  6 quokkas
  3 ball pythons
  6 bats
  4 frilled lizards
  5 kobolds
  3 rats
69 creatures vanquished.

Notes
Turn   | Place    | Note
-------+----------+-------------------------------------------
     0 | D:1      | timneilson the Octopode Shapeshifter began the quest for
                  | the Orb.
     0 | D:1      | Reached XP level 1. HP: 13/13 MP: 1/1
    97 | D:1      | Reached XP level 2. HP: 18/18 MP: 2/2
   259 | D:1      | Reached skill level 1 in Stealth
   295 | D:1      | Reached XP level 3. HP: 22/23 MP: 3/3
   912 | D:2      | Reached XP level 4. HP: 22/29 MP: 4/4
  1333 | D:2      | Reached XP level 5. HP: 31/34 MP: 5/5
  1333 | D:2      | Found a glowing golden altar of the Shining One.
  2023 | D:3      | Found an ornate altar of the Wu Jian Council.
  2100 | D:3      | Noticed Jessica
  2122 | D:3      | Killed Jessica
  2123 | D:3      | Killed from afar by a goblin

Illustrated notes

Levels and vault maps discovered:
D:1:      psy_arrival_terrarium, layout_basic
D:2:      layout_basic, basic_altar
D:3:      layout_loops_ring, lemuel_doored_altar, led_sif_book,
          portal_sewer_entry_f, uniq_jessica

Skill      XL: |  1  2  3  4  5 |
---------------+----------------+-----
Stealth        | 1 2 |  2.5
Fighting       | 2 |  2.3
Dodging        | 3 |  3.2
Unarmed Combat | |  3.9
Shapeshifting  | |  3.7

Action                     |  1- 3 |  4- 6 || total
---------------------------+-------+-------++-------
  Melee: Unarmed           |    51 |    79 ||   130
         Tentacles         |     8 |    12 ||    20
         Constrict         |    12 |    16 ||    28
         Punch             |     3 |     1 ||     4
    Use: Scroll            |     2 |     4 ||     6
         Potion            |       |     1 ||     1
   Stab: Sleeping          |     8 |     7 ||    15
         Distracted        |       |     1 ||     1
 Armour: Skin              |    15 |    28 ||    43
  Dodge: Dodged            |    31 |    30 ||    61

Table legend: (Time is in decaauts)
 A = Elapsed time spent in this place.
 B = Non-inter-level travel time spent in this place.
 C = Inter-level travel time spent in this place.
 D = Time resting spent in this place.
 E = Time spent auto-exploring this place.
 F = Levels seen in this place.
 G = Mean time per level.
                   A        B        C        D        E       F      G
               +--------+--------+--------+--------+--------+-----+--------+
         Total |   2113 |   2047 |     66 |      0 |   1551 |   3 |  704.3 |
       Dungeon |   2113 |   2047 |     66 |      0 |   1551 |   3 |  704.3 |
               +--------+--------+--------+--------+--------+-----+--------+

Top non-repeatable levels by time:
     D:2: 1087 daAuts
     D:1: 883 daAuts
     D:3: 143 daAuts
